Cogmind - Beta 10 X2 @@@ ROGUE MODE // 2020.06.19 @ 22:50:39 Player: Ape Result: Escaped! Performance ------------- Evolutions (9) 4500 Regions Visited (30) 6000 Robots Destroyed (284) 1420 Value Destroyed (10799) 10799 Prototype IDs (39) 780 Alien Tech Used (6) 1200 Bonus (11606) 11606 TOTAL SCORE: 36305 Bonus ------- High Alert Combat Kills 1474 Follower Combat Kills 1767 Met Data Miner 300 Met Zhirov 300 Met Warlord at Base 500 MAIN.C Attacked Warlord 500 Met Warlord at Research 2000 Met Sigix 2000 Win 3000 Friendly Fire -235 Cogmind --------- Core Integrity 1074/1600 Matter 152/300 Energy 504/980 System Corruption 16% Temperature Cool (491) Movement Hovering (53) Location To Epsilon Eridani Parts ------- > --- POWER (2) -------- Light Particle Reactor > --- PROPULSION (6) --- Improved Antigrav System Improved Antigrav System Improved Antigrav System Improved Antigrav System Combat Antigrav System > --- UTILITY (13) ----- Advanced Heat Sink Large Storage Unit Large Storage Unit Advanced Energy Well Advanced Signal Interpreter Advanced Melee Analysis Suite Advanced Target Analyzer Advanced Target Analyzer Light Regenerative Plating Advanced Hacking Suite Advanced Hacking Suite Ghost Barrier > --- WEAPON (5) ------- Gamma Rifle Enhanced Nova Cannon > --- INVENTORY (16) --- Light Particle Reactor Improved Antigrav System Improved Antigrav System Improved Antigrav System High-capacity Storage Unit Improved Energy Well (600) Inertial Stasis Machine Advanced Visual Processing Unit Advanced Terrain Scan Processor Microactuators Advanced Force Field Peak State ------------ > --- POWER ------------ Light Quantum Reactor > --- PROPULSION ------- Improved Antigrav System Improved Antigrav System Cooled Antigrav System Combat Antigrav System Combat Antigrav System Combat Linear Gravjet > --- UTILITY ---------- Large Storage Unit Large Storage Unit Advanced Energy Well Advanced Signal Interpreter Advanced Melee Analysis Suite Advanced Melee Analysis Suite Experimental Melee Analysis Suite Advanced Target Analyzer Experimental Phase Shifter Centrium Light Armor Plating Advanced Hacking Suite Advanced Hacking Suite Ghost Barrier > --- WEAPON ----------- Fusion Bomb Launcher Centrium Greatsword Centrium Greatsword > --- INVENTORY -------- High-capacity Storage Unit Improved Energy Well Advanced Visual Processing Unit Advanced Sensor Array Experimental Sensor Array Advanced Terrain Scan Processor Microactuators Advanced Reaction Control System Light Regenerative Plating Light Regenerative Plating Advanced Force Field Vortex Catalyst Activator [Rating: 182] Favorites ----------- Power Micro Fission Core Engine Reinforced Deuterium Engine Power Core Micro Fission Core Reactor Antimatter Reactor Propulsion Armored Huge Wheel Treads Light Treads Leg Aluminum Leg Wheel Armored Huge Wheel Hover Unit Combat Gravmag System Utility High-capacity Storage Unit Device Experimental Sensor Array Storage High-capacity Storage Unit Processor Advanced Melee Analysis Suite Hackware Advanced Hacking Suite Protection Powered Armor Artifact Phase Redirector Weapon Heavy Pick Energy Gun Medium Laser Energy Cannon Enhanced Nova Cannon Ballistic Gun Light Assault Rifle Ballistic Cannon Flak Cannon Launcher Long-range Missile Launcher Impact Weapon Power Maul Slashing Weapon Greatsword Piercing Weapon Heavy Pick Build | -11 -10 -10 -10 -9 -8 -7 -7 -7 -7 -6 -6 -6 -5 -5 -5 -5 -5 -5 -4 -4 -4 -4 -4 -3 -3 -3 -3 -2 -2 -1 ------- Run | Scr Mat Min Exi Min Mat Fac Low Low Dat Pro Fac Ext Fac Was Fac Upp Upp War Pro Fac Upp Upp Zhi Pro Res Qua Sec Res Tes Acc Slots Evolved 18 | . . . . . 4 2 . . . . 2 . 2 . . . . . . 2 . . . . 2 . . 2 . 2 Power 1 | . . . . . . . . . . . . . . . . . . . . 1 . . . . . . . . . . Propulsion 4 | . . . . . . . . . . . . . 2 . . . . . . 1 . . . . . . . . . 1 Utility 11 | . . . . . 4 2 . . . . . . . . . . . . . . . . . . 2 . . 2 . 1 Weapon 2 | . . . . . . . . . . . 2 . . . . . . . . . . . . . . . . . . . Parts Attached 558 | . 5 5 2 4 12 63 16 9 2 10 112 30 28 1 41 2 2 19 10 26 . 9 5 2 19 38 16 14 11 45 Power 29 | . . 1 . . 1 2 . . . . 7 . 2 . 4 . . . . 6 . . 1 . 1 . . . . 4 Engine 10 | . . 1 . . . 2 . . . . 6 . . . 1 . . . . . . . . . . . . . . . Core 12 | . . . . . 1 . . . . . . . 2 . 3 . . . . 5 . . 1 . . . . . . . Reactor 7 | . . . . . . . . . . . 1 . . . . . . . . 1 . . . . 1 . . . . 4 Propulsion 73 | . 3 1 . 2 4 6 . . . 1 5 2 7 . 10 . . 5 1 3 . . . . 4 5 3 1 1 9 Treads 9 | . 3 1 . . 3 . . . . . 2 . . . . . . . . . . . . . . . . . . . Leg . | . . . . . . . . . . . . . . . . . . . . . . . . . . . . . . . Wheel 15 | . . . . 2 1 6 . . . 1 3 1 1 . . . . . . . . . . . . . . . . . Hover 49 | . . . . . . . . . . . . 1 6 . 10 . . 5 1 3 . . . . 4 5 3 1 1 9 Flight . | . . . . . . . . . . . . . . . . . . . . . . . . . . . . . . . Utility 311 | . 1 . 2 . 5 31 10 4 2 3 79 16 13 1 17 1 . 9 7 11 . 5 4 . 13 25 12 10 7 23 Device 163 | . . . . . 3 10 4 2 . 2 46 7 6 1 6 1 . 8 5 7 . 2 4 . 7 13 9 5 3 12 Storage 29 | . 1 . 2 . . 1 1 . . . 8 1 1 . 3 . . . 1 1 . . . . 4 3 . . . 2 Processor 20 | . . . . . 2 1 . . . . 5 . 1 . 1 . . . 1 . . 1 . . 1 3 . 1 1 2 Hackware 13 | . . . . . . 5 . . . . 3 . . . 2 . . . . . . . . . 1 . . 1 1 . Protection 81 | . . . . . . 14 5 2 2 1 17 8 5 . 5 . . 1 . 3 . 2 . . . 4 . 3 2 7 Artifact 5 | . . . . . . . . . . . . . . . . . . . . . . . . . . 2 3 . . . Weapon 145 | . 1 3 . 2 2 24 6 5 . 6 21 12 6 . 10 1 2 5 2 6 . 4 . 2 1 8 1 3 3 9 Energy Gun 4 | . . . . . . . . . . . . . . . . . . 1 . . . . . . . . . . . 3 Energy Cannon 2 | . . . . . . . . . . . . . . . . . 1 . . . . . . . . . . . . 1 Ballistic Gun 3 | . . 1 . . . . . . . 2 . . . . . . . . . . . . . . . . . . . . Ballistic Cannon 22 | . 1 1 . 1 2 9 4 3 . 1 . . . . . . . . . . . . . . . . . . . . Launcher 31 | . . 1 . 1 . 4 . . . 1 3 4 2 . 1 1 1 2 . . . 2 . . . 2 1 . 1 4 Special Weapon . | . . . . . . . . . . . . . . . . . . . . . . . . . . . . . . . Impact Weapon 29 | . . . . . . 11 2 2 . 2 7 . 1 . 2 . . . . . . . . . . 2 . . . . Slashing Weapon 20 | . . . . . . . . . . . . 2 1 . 1 . . 2 1 5 . . . 1 1 2 . 1 2 1 Piercing Weapon 34 | . . . . . . . . . . . 11 6 2 . 6 . . . 1 1 . 2 . 1 . 2 . 2 . . Special Melee Weapon . | . . . . . . . . . . . . . . . . . . . . . . . . . . . . . . . Unidentified Prototypes 18 | . . . . . 2 . 1 . . . . . . . . 1 . 5 . . . . 2 . 3 2 . . . 2 Parts Lost 85 | . . . . . 2 7 1 3 . 8 12 2 14 . 3 . . . 1 1 . . . . . 4 2 . 4 21 Power 9 | . . . . . . . . . . . 3 . 1 . 1 . . . . . . . . . . . . . 1 3 Propulsion 19 | . . . . . 2 1 . . . 1 2 . 2 . . . . . 1 1 . . . . . 2 . . 2 5 Utility 34 | . . . . . . 4 1 2 . 5 3 1 7 . 2 . . . . . . . . . . . 1 . . 8 Weapon 23 | . . . . . . 2 . 1 . 2 4 1 4 . . . . . . . . . . . . 2 1 . 1 5 Highest Loss Streak 12 | . . . . . 1 2 1 3 . 5 6 1 12 . 3 . . . 1 1 . . . . . 3 2 . 3 6 Average Slot Usage (%) 87 | . 98 100 100 100 87 89 86 88 84 89 91 90 82 74 78 86 83 86 99 89 85 85 85 85 81 79 73 77 69 76 Engine 3 | . 14 14 14 14 2 3 7 7 7 7 4 . . . . . . . . . . . . . . . . . . . Core 2 | . . . . . 6 3 . . . . . . 2 5 4 5 5 5 5 10 10 10 10 10 1 . . . . . Reactor 1 | . . . . . . . . . . . 1 6 2 . . . . . . . . . . . 3 4 4 4 . 3 Treads 3 | . 21 28 28 20 7 . . . . . 2 . . . . . . . . . . . . . . . . . . . Wheel 3 | . . . . 7 9 7 7 7 7 7 5 5 . . . . . . . . . . . . . . . . . . Hover 7 | . . . . . . . . . . . . . 12 23 19 16 16 17 21 19 20 20 20 20 17 19 19 16 12 17 Device 7 | . . . . . 17 6 6 6 7 6 11 11 13 15 8 5 5 4 4 4 5 4 5 5 8 6 7 8 4 3 Storage 15 | . 26 28 28 28 18 15 17 23 23 23 16 13 11 11 11 11 11 11 11 10 10 10 10 10 9 9 9 8 8 9 Processor 11 | . . . . . 8 9 5 . . . 13 23 14 11 14 16 16 16 16 15 15 15 15 15 13 16 18 16 18 17 Hackware 8 | . . . . . . 23 15 9 . . 6 . . . 4 11 11 11 11 10 10 10 10 10 12 9 9 11 13 11 Protection 3 | . . . . . . 2 12 18 23 29 2 3 1 . . . . . . . . . . . . 1 . 3 4 5 Ballistic Cannon 3 | . 13 13 14 13 17 10 6 9 7 7 . . . . . . . . . . . . . . . . . . . . Impact Weapon 3 | . . . . . . 3 5 4 7 3 11 . . . 1 . . . . . . . . . . . . . . . Slashing Weapon 1 | . . . . . . . . . . . . 1 . . . . . 2 11 9 10 10 10 10 8 4 3 3 4 2 Piercing Weapon 7 | . . . . . . . . . . . 14 21 19 5 8 16 16 16 16 10 5 5 5 5 4 2 . 2 1 . Naked Turns . | . . . . . . . . . . . . . . . . . . . . . . . . . . . . . . . Heaviest Build 158 | 11 44 46 73 73 92 112 142 144 151 158 140 106 109 75 88 77 86 85 85 76 72 75 73 72 96 121 118 105 100 101 Greatest Support 128 | 20 40 40 40 40 16 28 28 28 28 28 40 28 75 75 84 78 78 87 87 82 78 78 78 78 98 107 107 114 105 128 Greatest Overweight (x) 10 | . 4 1 1 2 9 10 5 5 5 5 4 3 3 1 3 . 1 . 1 . . . . . 1 1 1 . 2 1 Average Overweight (x) 1 | . . 1 1 1 5 2 3 4 5 4 3 3 . . . . . . . . . . . . . . . . . . Largest Inventory Capacity 28 | . 14 14 20 20 20 20 28 28 28 28 28 20 20 20 28 20 20 20 20 18 18 18 18 18 18 18 18 18 18 24 Average Capacity 20 | . 13 14 16 20 20 20 22 28 28 28 23 20 20 20 20 20 20 20 18 18 18 18 18 18 16 17 18 18 18 16 Most Carried 28 | . 14 14 19 20 20 20 22 23 21 20 28 20 20 20 20 20 20 20 20 18 18 18 18 18 18 18 18 18 18 17 Average Carried 18 | . 10 13 15 19 18 19 19 22 20 16 20 19 17 18 19 19 19 19 18 17 18 18 17 18 16 17 17 16 17 12 Final Capacity 28 | 6 14 14 20 20 20 20 28 28 28 28 20 20 20 20 20 20 20 20 18 18 18 18 18 18 16 18 18 18 18 16 Final Carried 22 | 6 14 14 19 20 20 18 22 21 20 20 20 20 13 20 20 20 20 20 18 18 18 18 18 18 16 18 17 18 17 11 Class Distribution -------------------- 42% | Hauler-Mutant 32% | Hacker-Mutant 12% | Hacker-Gladiator 5% | Mutant 3% | Scavenger-Mutant Dominant Class ---------------- Mutant | -10/Materials Mutant | -10/Mines Scavenger-Mutant | -10/Exiles Hauler-Mutant | -9/Mines Hauler-Mutant | -8/Materials Hacker-Mutant | -7/Factory Hacker-Mutant | -7/Lower Caves Hauler-Mutant | -7/Lower Caves Hauler-Mutant | -7/Data Miner Hauler-Mutant | -6/Proximity Caves Hauler-Mutant | -6/Factory Hauler-Mutant | -6/Extension Hauler-Mutant | -5/Factory Hauler-Mutant | -5/Waste Hauler-Mutant | -5/Factory Hacker-Mutant | -5/Upper Caves Hacker-Mutant | -5/Upper Caves Hacker-Mutant | -5/Warlord Hacker-Mutant | -4/Proximity Caves Hacker-Mutant | -4/Factory Hacker-Gladiator | -4/Upper Caves Hacker-Mutant | -4/Upper Caves Hacker-Gladiator | -4/Zhirov Hacker-Gladiator | -3/Proximity Caves Hacker-Gladiator | -3/Research Hacker-Mutant | -3/Quarantine Hacker-Gladiator | -3/Section 7 Hacker-Gladiator | -2/Research Wizard-Gladiator | -2/Testing Hacker-Gladiator | -1/Access Resources | -11 -10 -10 -10 -9 -8 -7 -7 -7 -7 -6 -6 -6 -5 -5 -5 -5 -5 -5 -4 -4 -4 -4 -4 -3 -3 -3 -3 -2 -2 -1 ----------- Run | Scr Mat Min Exi Min Mat Fac Low Low Dat Pro Fac Ext Fac Was Fac Upp Upp War Pro Fac Upp Upp Zhi Pro Res Qua Sec Res Tes Acc Matter Collected 11213 | 200 190 66 . 38 440 1219 452 203 . 166 4478 600 135 170 457 69 98 . 248 187 139 160 59 30 177 284 269 207 66 406 Remotely . | . . . . . . . . . . . . . . . . . . . . . . . . . . . . . . . Salvage Created 11664 | . 406 177 . 43 182 941 318 125 . 155 2686 1585 472 . 367 59 329 . 143 281 . 78 489 . 130 939 251 255 315 938 Parts 530 | . 20 12 . 5 5 42 6 9 . 16 99 61 28 . 21 5 5 . 10 18 . 8 5 . 5 55 12 8 18 57 Haulers Intercepted 6 | . 2 . . . 1 . . . . . 1 . . . . . . . . . . . . . . . . 1 . 1 Recyclers Shooed 15 | . 1 . . 1 . 3 . . . . 3 5 . . . . . . . . . . . . . . . . . 2 Parts Field Recycled . | . . . . . . . . . . . . . . . . . . . . . . . . . . . . . . . Retrieved Matter . | . . . . . . . . . . . . . . . . . . . . . . . . . . . . . . . Parts Self-Destructed 84 | . . . . . . . 4 9 . 21 . . . . . 8 14 11 10 . . 4 3 . . . . . . . Prevented 1 | . . . . . . . . . . 1 . . . . . . . . . . . . . . . . . . . . Kills | -11 -10 -10 -10 -9 -8 -7 -7 -7 -7 -6 -6 -6 -5 -5 -5 -5 -5 -5 -4 -4 -4 -4 -4 -3 -3 -3 -3 -2 -2 -1 ------- Run | Scr Mat Min Exi Min Mat Fac Low Low Dat Pro Fac Ext Fac Was Fac Upp Upp War Pro Fac Upp Upp Zhi Pro Res Qua Sec Res Tes Acc Combat Hostiles Destroyed 207 | . 6 7 . 4 6 21 5 4 . 14 28 23 8 . 3 4 4 . 5 3 . 9 . . . 15 4 1 9 24 Melee 69 | . . . . . . 1 . . . . 18 12 5 . 3 1 . . 5 3 . 1 . . . 14 3 1 2 . Guns 3 | . . 1 . 1 . . . . . 1 . . . . . . . . . . . . . . . . . . . . Cannons 46 | . 6 3 . . 6 15 5 4 . 2 . . . . . . . . . . . . . . . . . . . 5 AOE 84 | . . 3 . 3 . 5 . . . 11 6 11 3 . . 3 4 . . . . 8 . . . . 1 . 7 19 Classes Destroyed 18 | . 4 . . . . 7 3 . . . 1 1 . . . . . . . . . . . . . . . . 1 1 Worker 21 | . . . . . . 6 . . . . 9 . 1 . 1 . . . . . . . . . . . . . 1 3 Builder 4 | . . . . . . 2 . . . . 2 . . . . . . . . . . . . . . . . . . . Tunneler 3 | . . . . . . 1 . . . . 1 . . . . . . . . . . . . . . . . . . 1 Hauler 6 | . 2 . . . 1 . . . . . 1 . . . . . . . . . . . . . . . . 1 . 1 Recycler 22 | . 3 . . 1 . 3 . . . . 8 5 . . 1 . . . . . . . . . 1 . . . . . Mechanic 1 | . . . . . . . . . . . . 1 . . . . . . . . . . . . . . . . . . Operator 1 | . . . . . . . . . . . . . . . . . . . . . . . . . . . . . 1 . Drone 1 | . . . . . . . . . . . . . . . . . . . . . . . . . . . . . . 1 Watcher 12 | . . . . . . 2 . . . . . 2 2 . 1 . . . . 2 . . . . . . . 1 1 1 Swarmer 80 | . 3 3 . 4 . 8 . . . 12 3 7 . . . 4 4 . 5 . . 9 . . . 5 . . 4 9 Saboteur 1 | . . . . . . . . . . . 1 . . . . . . . . . . . . . . . . . . . Grunt 66 | . 3 4 . . 6 4 3 2 . 2 15 11 3 . . . . . . . . . . . . 4 . . . 9 Brawler 4 | . . . . . . . 1 1 . . 1 1 . . . . . . . . . . . . . . . . . . Sentry 17 | . . . . . . 4 . . . . 3 4 1 . . . . . . 1 . . . . . 2 1 1 . . Hunter 11 | . . . . . . 1 . . . . . . 2 . . . . . . . . . . . . . 3 . 5 . Programmer 27 | . . . . . . 4 1 1 . . 5 . 2 . 3 . . . . 2 . . . . . 4 . . . 5 Samaritan 5 | . . . . . . . 2 . . . . . . . . . 3 . . . . . . . . . . . . . Tinkerer 1 | . . . . . . . 1 . . . . . . . . . . . . . . . . . . . . . . . Guerrilla 1 | . . . . . . . . . . . . . . . . . 1 . . . . . . . . . . . . . Best Kill Streak 12 | . 4 3 . 4 3 10 3 3 . 11 6 6 6 . 3 4 4 . 5 2 . 5 . . 1 9 2 1 12 10 Combat Bots Only 11 | . 4 3 . 4 3 6 3 3 . 11 3 4 5 . 2 4 4 . 5 2 . 5 . . . 9 2 1 9 10 Max Kills in Single Turn 8 | . 1 3 . 1 1 3 1 1 . 4 4 3 2 . 1 3 3 . 2 1 . 4 . . 1 2 1 1 6 8 Gunslinging . | . . . . . . . . . . . . . . . . . . . . . . . . . . . . . . . Exploded 8 | . . 3 . 1 . 2 . . . 4 2 3 2 . . 3 2 . . . . 4 . . . . 1 . 4 8 Melee 2 | . . . . . . 1 . . . . 1 1 1 . 1 1 . . 2 1 . 1 . . . 2 1 1 1 . Uniques/NPCs Destroyed . | . . . . . . . . . . . . . . . . . . . . . . . . . . . . . . . Combat | -11 -10 -10 -10 -9 -8 -7 -7 -7 -7 -6 -6 -6 -5 -5 -5 -5 -5 -5 -4 -4 -4 -4 -4 -3 -3 -3 -3 -2 -2 -1 -------- Run | Scr Mat Min Exi Min Mat Fac Low Low Dat Pro Fac Ext Fac Was Fac Upp Upp War Pro Fac Upp Upp Zhi Pro Res Qua Sec Res Tes Acc Damage Taken 22260 | . 208 150 . 168 477 2722 275 292 . 1597 2759 865 2142 . 818 207 34 12 242 475 . 377 . . . 1554 761 67 2049 4009 Core 3243 | . 32 20 . 34 10 408 14 . . 51 550 196 387 . 108 47 . 8 62 87 . 47 . . . 185 224 27 220 526 Absorbed by Shields 1516 | . . . . . . . . . . . 136 76 . . . . . . . . . . . . . 285 628 69 . 322 Redirected to Core 152 | . . . . . . . . . . . . . . . . . . . . . . . . . . 58 94 . . . Core Remaining (%) 63 | 100 . . . 65 98 . . . . 32 . 12 . . . . . . 38 . . . . 88 . . 61 . 73 67 Volleys Fired 299 | . 35 11 . 14 16 84 12 12 . 18 8 15 5 . 1 2 19 1 . . . 3 . . . . 1 . 2 40 Largest 4 | . 2 2 . 2 2 2 2 2 . 2 1 1 1 . 1 1 1 1 . . . 1 . . . . 1 . 1 4 Hottest 345 | . 85 85 . 55 88 92 88 88 . 88 43 43 43 . 43 43 81 40 . . . 49 . . . . 20 . 20 345 Shots Fired 480 | . 70 21 . 22 32 138 24 20 . 32 8 14 5 . 1 2 20 1 . . . 3 . . . . 1 . 2 64 Gun 94 | . 35 10 . 10 . . . . . 12 . . . . . . . 1 . . . . . . . . . . . 26 Cannon 311 | . 35 10 . 8 32 124 24 20 . 15 . . . . . . 18 . . . . . . . . . . . . 25 Launcher 75 | . . 1 . 4 . 14 . . . 5 8 14 5 . 1 2 2 . . . . 3 . . . . 1 . 2 13 Special . | . . . . . . . . . . . . . . . . . . . . . . . . . . . . . . . Kinetic 290 | . 35 10 . 18 32 124 24 20 . 27 . . . . . . . . . . . . . . . . . . . . Thermal 70 | . 35 10 . . . . . . . . . . . . . . . . . . . . . . . . . . . 25 Explosive 54 | . . 1 . 4 . . . . . 5 8 14 5 . 1 2 2 . . . . 3 . . . . . . . 9 Electromagnetic 58 | . . . . . . 14 . . . . . . . . . . 18 . . . . . . . . . . . . 26 Entropic 8 | . . . . . . . . . . . . . . . . . . 1 . . . . . . . . 1 . 2 4 Robot Hit Streak 16 | . 10 5 . 11 9 14 4 9 . 6 8 9 6 . 7 1 16 . . . . 4 . . . . . . 2 5 Robot Miss Streak 14 | . 3 1 . 1 5 14 10 5 . 6 . 1 . . . 1 1 . . . . . . . . . 1 . . 5 Penetration Max . | . . . . . . . . . . . . . . . . . . . . . . . . . . . . . . . Secondary Targets . | . . . . . . . . . . . . . . . . . . . . . . . . . . . . . . . Shots Hit Robots 676 | . 40 11 . 15 31 108 22 16 . 24 137 50 23 . 23 3 20 . 9 21 . 5 9 . 2 41 14 11 7 34 Core Hits 499 | . 14 9 . 9 34 81 15 10 . 38 63 52 18 . 10 4 12 . 6 7 . 10 3 . 1 18 7 4 15 59 Critical Hits 15 | . 1 . . . . 1 . . . . 2 1 . . 1 . . . 1 2 . 1 . . 1 2 1 . . 1 Critical Kills 2 | . . . . . . . . . . . 1 . . . 1 . . . . . . . . . . . . . . . Critical Parts Destroyed 12 | . 1 . . . . 1 . . . . 1 1 . . . . . . 1 1 . 1 . . 1 2 1 . . 1 Melee Attacks 1145 | . . . . . . 67 23 16 . 17 307 73 71 2 99 12 9 2 38 114 12 29 10 12 41 73 29 28 27 34 Kinetic 15 | . . . . . . . . . . . . . . . . . . . . . . . . . . 15 . . . . Impact 250 | . . . . . . 67 23 16 . 17 120 . . . 7 . . . . . . . . . . . . . . . Slashing 293 | . . . . . . . . . . . . 13 2 . 4 . . . 9 52 11 7 8 4 32 40 29 24 24 34 Piercing 587 | . . . . . . . . . . . 187 60 69 2 88 12 9 2 29 62 1 22 2 8 9 18 . 4 3 . Sneak Attacks 52 | . . . . . . 4 4 . . . 23 10 . . 3 . . . 2 . . . . . 1 2 . 1 . 2 Combat Hostiles 6 | . . . . . . . . . . . 2 . . . . . . . 2 . . . . . . 2 . . . . Follow-up Attacks 126 | . . . . . . 1 . . . . 62 20 8 . 7 1 1 . 5 9 . . 2 . . 10 . . . . Damage Inflicted 41877 | . 639 354 . 434 513 3419 1246 371 . 1770 7406 3997 1325 . 1041 296 865 . 509 937 . 1020 1464 . 210 2437 932 968 2045 7679 Guns 568 | . 146 37 . 68 . . . . . 65 . . . . . . . . . . . . . . . . . . . 252 Cannons 5148 | . 493 113 . 113 513 2056 412 371 . 131 . . . . . . 304 . . . . . . . . . . . . 642 Explosions 15505 | . . 204 . 253 . 821 . . . 1574 1077 1428 689 . 123 232 360 . . . . 886 . . . . 183 . 1667 6008 Melee 20505 | . . . . . . 505 834 . . . 6329 2569 636 . 918 64 201 . 509 937 . 134 1464 . 210 2437 749 968 378 663 Ramming 151 | . . . . . . 37 . . . . . . . . . . . . . . . . . . . . . . . 114 Kinetic 5168 | . 493 113 . 181 513 2056 412 371 . 196 . . . . . . . . . . . . . . . 833 . . . . Thermal 1167 | . 146 109 . . . 270 . . . . . . . . . . . . . . . . . . . . . . . 642 Explosive 9564 | . . 132 . 253 . . . . . 1574 1077 1428 689 . 123 232 360 . . . . 886 . . . . . . . 2810 Electromagnetic 1107 | . . . . . . 551 . . . . . . . . . . 304 . . . . . . . . . . . . 252 Impact 3993 | . . . . . . 505 834 . . . 2564 . . . 90 . . . . . . . . . . . . . . . Slashing 6946 | . . . . . . . . . . . . 367 31 . . . . . 137 557 . 102 1372 . 210 1451 749 929 378 663 Piercing 8733 | . . . . . . . . . . . 3765 2202 605 . 828 64 201 . 372 380 . 32 92 . . 153 . 39 . . Entropic 5048 | . . . . . . . . . . . . . . . . . . . . . . . . . . . 183 . 1667 3198 Highest Corruption 17 | . . . . . . 1 4 8 8 8 12 17 . . 8 8 8 11 . 3 3 3 3 3 . 8 8 . . 16 Average Corruption 6 | . . . . . . 1 1 5 8 8 8 14 . . 4 8 8 9 . 1 3 3 3 3 . 6 8 . . 11 Corruption Purged . | . . . . . . . . . . . . . . . . . . . . . . . . . . . . . . . Effects 406 | . . . . . . 6 6 21 3 25 127 77 . . 20 10 19 3 . 11 3 9 1 6 . 10 13 . . 36 Message Errors 90 | . . . . . . 1 4 5 1 3 29 14 . . 9 2 3 1 . 3 1 3 . 1 . . 3 . . 7 Matter Fused 86 | . . . . . . . . 7 1 7 25 12 . . 6 2 5 . . 2 1 2 1 1 . 5 6 . . 3 Heat Flow Errors 37 | . . . . . . . . 2 1 2 12 5 . . 1 . 4 . . 2 1 1 . 1 . 2 1 . . 2 Energy Discharges 46 | . . . . . . 1 . 2 . 3 16 8 . . 1 4 3 . . 3 . 2 . . . . 1 . . 2 Parts Rejected 5 | . . . . . . . . . . . 4 1 . . . . . . . . . . . . . . . . . . Data Loss (minor) 39 | . . . . . . 2 1 2 . 4 13 8 . . 1 1 1 1 . . . 1 . 3 . 1 . . . . Data Loss (major) 11 | . . . . . . . . . . 2 7 1 . . . . . . . . . . . . . 1 . . . . Misfires 3 | . . . . . . . . . . 1 . . . . . . 1 . . . . . . . . . . . . 1 Alerts 3 | . . . . . . . . . . . 1 2 . . . . . . . . . . . . . . . . . . Misdirections 22 | . . . . . . . . . . . 3 11 . . . . . 1 . . . . . . . . . . . 7 Targeting Errors 59 | . . . . . . 2 1 2 . 3 17 14 . . 2 1 2 . . 1 . . . . . 1 2 . . 11 Weapon Failures 5 | . . . . . . . . 1 . . . 1 . . . . . . . . . . . . . . . . . 3 Overload Shots . | . . . . . . . . . . . . . . . . . . . . . . . . . . . . . . . Overflow Damage 4400 | . . 21 . 51 1 427 536 . . 46 952 609 69 . 58 . 197 . 8 36 . 54 643 . . 200 9 25 72 386 Projectiles 193 | . . . . 37 1 54 . . . . . . . . . . 38 . . . . . . . . . . . . 63 Explosions 690 | . . 21 . 14 . 77 . . . 46 76 . 69 . . . 16 . . . . 54 . . . . . . 29 288 Melee 3517 | . . . . . . 296 536 . . . 876 609 . . 58 . 143 . 8 36 . . 643 . . 200 9 25 43 35 Knockbacks 75 | . 7 1 . 4 4 31 8 4 . 4 12 . . . . . . . . . . . . . . . . . . . Impact 17 | . . . . . . 3 2 . . . 12 . . . . . . . . . . . . . . . . . . . Kinetic 56 | . 6 1 . 4 4 27 6 4 . 4 . . . . . . . . . . . . . . . . . . . . Secondary 2 | . 1 . . . . 1 . . . . . . . . . . . . . . . . . . . . . . . . Self-Inflicted Damage 254 | . . . . 54 . 37 . . . 7 . 44 . . . . . . . . . 44 . . . . . . . 68 Shots 8 | . . . . 2 . 2 . . . 1 . 1 . . . . . . . . . 1 . . . . . . . 1 Rammed 7 | . . . . . . 2 . . . . . . . . . . . . . . . . . . . . . . . 5 Targets Rammed 7 | . . . . . . 2 . . . . . . . . . . . . . . . . . . . . . . . 5 Kicked . | . . . . . . . . . . . . . . . . . . . . . . . . . . . . . . . Crushed . | . . . . . . . . . . . . . . . . . . . . . . . . . . . . . . . Highest Temperature 738 | . 288 162 . 28 96 294 252 347 269 360 250 190 7 . 131 . 258 . . 258 161 160 . 284 . 101 224 . . 738 Average Temperature 112 | . 94 73 . 12 33 71 99 151 141 132 104 82 5 . 48 . 103 . . 83 81 64 . 141 . 28 97 . . 242 Received Heat Transfer 2851 | . 60 75 . . 90 618 54 99 . 243 663 189 324 . 27 18 . . . 36 . . . . . 87 34 12 . 222 Effects 42 | . 1 . . . . . . 3 1 2 . . . . . . . . . . . . . . . . . . . 35 Shutdowns 11 | . . . . . . . . . . . . . . . . . . . . . . . . . . . . . . 11 Energy Bleed 3 | . . . . . . . . . 1 1 . . . . . . . . . . . . . . . . . . . 1 Interference 10 | . 1 . . . . . . 3 . 1 . . . . . . . . . . . . . . . . . . . 5 Matter Decay 3 | . . . . . . . . . . . . . . . . . . . . . . . . . . . . . . 3 Short Circuit 5 | . . . . . . . . . . . . . . . . . . . . . . . . . . . . . . 5 Damage (major) 9 | . . . . . . . . . . . . . . . . . . . . . . . . . . . . . . 9 Damage (core) 1 | . . . . . . . . . . . . . . . . . . . . . . . . . . . . . . 1 Siege Activations . | . . . . . . . . . . . . . . . . . . . . . . . . . . . . . . . Robots Corrupted 3 | . . . . . . . . . . . . . . . . . 3 . . . . . . . . . . . . . Combat Hostiles . | . . . . . . . . . . . . . . . . . . . . . . . . . . . . . . . Parts Fried 28 | . . . . . . 11 2 . . . 6 . . . . . 8 . . . . . . . . . . . . 1 Impact Corruptions 64 | . . . . . . 12 23 . . . 29 . . . . . . . . . . . . . . . . . . . Robots Melted . | . . . . . . . . . . . . . . . . . . . . . . . . . . . . . . . Combat Hostiles . | . . . . . . . . . . . . . . . . . . . . . . . . . . . . . . . Parts Melted 1 | . . . . . . . . . . . . 1 . . . . . . . . . . . . . . . . . . Heat Transferred 1373 | . 444 211 . . . 200 . . . . . . . . . . . . . . . . . . . . . . . 518 Parts Sabotaged . | . . . . . . . . . . . . . . . . . . . . . . . . . . . . . . . Parts Stolen . | . . . . . . . . . . . . . . . . . . . . . . . . . . . . . . . Parts Stripped . | . . . . . . . . . . . . . . . . . . . . . . . . . . . . . . . Power Chain Reactions 1 | . . . . . . 1 . . . . . . . . . . . . . . . . . . . . . . . . Missiles Intercepted . | . . . . . . . . . . . . . . . . . . . . . . . . . . . . . . . Alert | -11 -10 -10 -10 -9 -8 -7 -7 -7 -7 -6 -6 -6 -5 -5 -5 -5 -5 -5 -4 -4 -4 -4 -4 -3 -3 -3 -3 -2 -2 -1 ------- Run | Scr Mat Min Exi Min Mat Fac Low Low Dat Pro Fac Ext Fac Was Fac Upp Upp War Pro Fac Upp Upp Zhi Pro Res Qua Sec Res Tes Acc Peak Influence 1152 | . 134 95 . 95 138 1143 . . . . 1152 726 591 275 738 . . . . 169 . . . . 73 704 338 291 393 995 Average Influence 294 | . 72 56 . 64 66 497 . . . . 235 470 387 239 403 . . . . 90 . . . . 32 346 143 248 91 553 Maximum Alert Level 4 | . . . . . . 4 . . . . 4 3 2 1 3 . . . . . . . . . . 3 1 1 1 3 Low Security (%) 49 | . 100 100 . 100 100 36 . . . . 64 . . 13 3 . . . . 100 . . . . 100 30 78 9 97 3 Level 1 18 | . . . . . . 5 . . . . 12 22 65 86 40 . . . . . . . . . . 26 21 90 2 44 Level 2 20 | . . . . . . 21 . . . . 15 73 34 . 53 . . . . . . . . . . 35 . . . 14 Level 3 9 | . . . . . . 31 . . . . 4 3 . . 2 . . . . . . . . . . 7 . . . 37 Level 4 1 | . . . . . . 4 . . . . 2 . . . . . . . . . . . . . . . . . . . Level 5 . | . . . . . . . . . . . . . . . . . . . . . . . . . . . . . . . High Security . | . . . . . . . . . . . . . . . . . . . . . . . . . . . . . . . Max Security . | . . . . . . . . . . . . . . . . . . . . . . . . . . . . . . . Squads Dispatched 65 | . 1 . . . 2 13 . . . . 12 3 3 . 9 . . . . 2 . . . . 1 4 2 2 3 8 Investigation 20 | . . . . . . 3 . . . . 5 . 1 . 4 . . . . 1 . . . . 1 2 1 . . 2 Extermination 12 | . . . . . . 4 . . . . 3 . . . 1 . . . . 1 . . . . . 1 . . . 2 Reinforcement 22 | . 1 . . . 2 3 . . . . 1 1 2 . 2 . . . . . . . . . . 1 1 2 3 3 Assault 7 | . . . . . . . . . . . 3 2 . . 2 . . . . . . . . . . . . . . . Garrison 4 | . . . . . . 3 . . . . . . . . . . . . . . . . . . . . . . . 1 Intercept . | . . . . . . . . . . . . . . . . . . . . . . . . . . . . . . . Construction Impeded 4 | . . . . . . 2 . . . . 1 . . . 1 . . . . . . . . . . . . . . . Haulers Reinforced 1 | . . . . . . . . . . . . . . . . . . . . . . . . . . . . . . 1 Stealth | -11 -10 -10 -10 -9 -8 -7 -7 -7 -7 -6 -6 -6 -5 -5 -5 -5 -5 -5 -4 -4 -4 -4 -4 -3 -3 -3 -3 -2 -2 -1 --------- Run | Scr Mat Min Exi Min Mat Fac Low Low Dat Pro Fac Ext Fac Was Fac Upp Upp War Pro Fac Upp Upp Zhi Pro Res Qua Sec Res Tes Acc Distress Signals 24 | . 1 . . . 3 2 . . . . . 1 1 . 4 . . . . . . . . . 2 1 2 4 2 1 Communications Jammed . | . . . . . . . . . . . . . . . . . . . . . . . . . . . . . . . Distress Signals . | . . . . . . . . . . . . . . . . . . . . . . . . . . . . . . . Times Spotted 429 | . 15 8 . 4 22 49 5 4 . 28 57 39 24 4 15 12 5 1 3 14 1 11 . . 7 22 9 3 18 49 Peak Tracking Total 16 | . 7 3 . 4 6 7 3 3 . 16 6 5 7 2 6 9 5 1 3 5 2 5 . . 4 10 4 2 13 15 Tactical Retreats 52 | . . . . . 3 10 . . . 2 8 2 4 . 2 3 3 . . 3 . 1 . . . 1 . . . 10 Traps | -11 -10 -10 -10 -9 -8 -7 -7 -7 -7 -6 -6 -6 -5 -5 -5 -5 -5 -5 -4 -4 -4 -4 -4 -3 -3 -3 -3 -2 -2 -1 ------- Run | Scr Mat Min Exi Min Mat Fac Low Low Dat Pro Fac Ext Fac Was Fac Upp Upp War Pro Fac Upp Upp Zhi Pro Res Qua Sec Res Tes Acc Traps Triggered 14 | . . . . . . 1 . . . . 5 3 1 . 1 . . . . . . . . . . . 2 . . 1 Indirectly . | . . . . . . . . . . . . . . . . . . . . . . . . . . . . . . . Trap Hack Attempts . | . . . . . . . . . . . . . . . . . . . . . . . . . . . . . . . Triggered . | . . . . . . . . . . . . . . . . . . . . . . . . . . . . . . . Disarmed . | . . . . . . . . . . . . . . . . . . . . . . . . . . . . . . . Reprogrammed . | . . . . . . . . . . . . . . . . . . . . . . . . . . . . . . . Reused . | . . . . . . . . . . . . . . . . . . . . . . . . . . . . . . . Traps Extracted . | . . . . . . . . . . . . . . . . . . . . . . . . . . . . . . . Installed 2 | . . . . . . . . . . . . . . . . . . . . . 2 . . . . . . . . . Triggered 20 | . . . . . . . . 6 . 2 . . . . . . . 10 2 . . . . . . . . . . . Exploded 3 | . . . . . . 3 . . . . . . . . . . . . . . . . . . . . . . . . Machines | -11 -10 -10 -10 -9 -8 -7 -7 -7 -7 -6 -6 -6 -5 -5 -5 -5 -5 -5 -4 -4 -4 -4 -4 -3 -3 -3 -3 -2 -2 -1 ---------- Run | Scr Mat Min Exi Min Mat Fac Low Low Dat Pro Fac Ext Fac Was Fac Upp Upp War Pro Fac Upp Upp Zhi Pro Res Qua Sec Res Tes Acc Machines Disabled 37 | . 1 1 . . . 8 1 . . 2 5 1 1 . 4 . 1 1 . . . . . 1 . 2 3 . 3 2 Max in Single Turn 6 | . 1 1 . . . 6 1 . . 1 1 . 1 . . . 1 1 . . . . . 1 . 1 1 . 1 1 Garrison Access 12 | . . . . . . 2 . . . . 2 . 1 . 2 . . . . 2 . . . . . 1 . 1 . 1 Machines Sabotaged . | . . . . . . . . . . . . . . . . . . . . . . . . . . . . . . . Garrisons Compromised . | . . . . . . . . . . . . . . . . . . . . . . . . . . . . . . . Overloaded Fab Kills . | . . . . . . . . . . . . . . . . . . . . . . . . . . . . . . . Fab Network Shutdowns 1 | . . . . . . 1 . . . . . . . . . . . . . . . . . . . . . . . . Hacking | -11 -10 -10 -10 -9 -8 -7 -7 -7 -7 -6 -6 -6 -5 -5 -5 -5 -5 -5 -4 -4 -4 -4 -4 -3 -3 -3 -3 -2 -2 -1 --------- Run | Scr Mat Min Exi Min Mat Fac Low Low Dat Pro Fac Ext Fac Was Fac Upp Upp War Pro Fac Upp Upp Zhi Pro Res Qua Sec Res Tes Acc Machines Accessed 133 | . 1 1 1 . 5 16 1 . 2 . 17 11 4 . 10 . 1 11 . 11 . 1 4 . 7 12 2 3 8 4 Terminals 58 | . 1 . . . 4 8 . . . . 6 9 2 . 1 . . . . 5 . . . . 4 9 1 1 4 3 Fabricators 15 | . . . . . . 3 . . . . 3 . 1 . 3 . . . . 2 . . . . . . . 1 2 . Repair Stations 13 | . . . . . . 1 . . . . 2 1 . . 2 . . . . 2 . . . . 2 1 1 . 1 . Recycling Units 3 | . . . . . . . . . . . 2 1 . . . . . . . . . . . . . . . . . . Scanalyzers 10 | . . . . . 1 2 . . . . 2 . . . 2 . . . . . . . . . 1 1 . . 1 . Garrison Access 12 | . . . . . . 2 . . . . 2 . 1 . 2 . . . . 2 . . . . . 1 . 1 . 1 Total Hacks 449 | . 2 1 1 . 14 66 1 . 16 . 48 31 8 . 34 . 7 15 . 32 . 1 17 . 32 50 6 12 40 15 Successful 282 | . 1 1 1 . 7 37 1 . 16 . 32 20 3 . 25 . 7 15 . 18 . 1 17 . 16 23 2 5 29 5 Failed 167 | . 1 . . . 7 29 . . . . 16 11 5 . 9 . . . . 14 . . . . 16 27 4 7 11 10 Catastrophic 25 | . . . . . 2 3 . . . . 2 2 2 . 1 . . . . . . . . . 4 5 . . 3 1 Database Lockouts . | . . . . . . . . . . . . . . . . . . . . . . . . . . . . . . . Manual 172 | . . . . . 11 36 . . . . 13 22 4 . 7 . . . . 8 . . . 1 13 24 1 6 23 3 Terminals 220 | . 2 . . . 12 41 . . . . 15 25 5 . 3 . . . . 17 . . . . 19 41 3 6 20 11 Fabricators 63 | . . . . . . 16 . . . . 8 . 2 . 15 . . . . 8 . . . . . . . 4 10 . Repair Stations 44 | . . . . . . 3 . . . . 8 4 . . 7 . . . . 5 . . . . 5 3 3 . 6 . Recycling Units 4 | . . . . . . . . . . . 2 2 . . . . . . . . . . . . . . . . . . Scanalyzers 33 | . . . . . 2 2 . . . . 10 . . . 5 . . . . . . . . . 8 2 . . 4 . Garrison Access 26 | . . . . . . 4 . . . . 5 . 1 . 4 . . . . 2 . . . . . 4 . 2 . 4 Terminal Hacks 127 | . 1 1 1 . 2 13 1 . 16 . 3 8 1 . 2 . 7 15 . 5 . 1 17 . 3 14 . 2 11 3 Record 28 | . . . 1 . . . . . . . . . . . . . 7 13 . . . . 5 . . 1 . 1 . . Part Schematic 21 | . . . . . 1 2 . . 6 . 1 3 . . . . . . . . . . 4 . . 4 . . . . Robot Schematic 7 | . . . . . . . . . 7 . . . . . . . . . . . . . . . . . . . . . Robot Analysis 6 | . . . . . . . . . . . . . . . . . . . . . . . 4 . . 2 . . . . Prototype ID Bank 7 | . . . . . . . . . 3 . . . . . . . . . . . . . 4 . . . . . . . Open Door 8 | . . 1 . . . . 1 . . . . . . . . . . 2 . . . 1 . . . 1 . . 1 1 Level Access Points 4 | . . . . . . . . . . . . . . . . . . . . . . . . . 1 1 . . 1 1 Branch Access Points 4 | . . . . . . 1 . . . . . . . . . . . . . 1 . . . . 1 . . 1 . . Emergency Access Points 1 | . . . . . . 1 . . . . . . . . . . . . . . . . . . . . . . . . Machine Index 1 | . . . . . . . . . . . . . . . . . . . . . . . . . . 1 . . . . Garrison Index 1 | . . . . . . . . . . . . . . . . . . . . 1 . . . . . . . . . . Alert Level 4 | . . . . . . 1 . . . . . 1 . . . . . . . 1 . . . . . 1 . . . . Unreport Threat 16 | . . . . . . 3 . . . . 1 3 . . 2 . . . . . . . . . . 3 . . 4 . Locate Traps 8 | . . . . . . 2 . . . . 1 1 . . . . . . . 1 . . . . . . . . 3 . Hauler Manifests 2 | . 1 . . . 1 . . . . . . . . . . . . . . . . . . . . . . . . . Registered Components 2 | . . . . . . 1 . . . . . . . . . . . . . . . . . . 1 . . . . . Registered Prototypes 1 | . . . . . . 1 . . . . . . . . . . . . . . . . . . . . . . . . Zone Layout 6 | . . . . . . 1 . . . . . . 1 . . . . . . 1 . . . . . . . . 2 1 Fabricator Hacks 30 | . . . . . . 8 . . . . 4 . 1 . 8 . . . . 3 . . . . . . . 2 4 . Network Status 1 | . . . . . . . . . . . . . . . 1 . . . . . . . . . . . . . . . Load Schematic 12 | . . . . . . 3 . . . . 2 . . . 3 . . . . 1 . . . . . . . 1 2 . Build 17 | . . . . . . 5 . . . . 2 . 1 . 4 . . . . 2 . . . . . . . 1 2 . Repair Station Hacks 31 | . . . . . . 2 . . . . 4 4 . . 5 . . . . 4 . . . . 4 2 2 . 4 . Scan Component 15 | . . . . . . 1 . . . . 2 2 . . 2 . . . . 2 . . . . 2 1 1 . 2 . Repair 15 | . . . . . . 1 . . . . 2 2 . . 2 . . . . 2 . . . . 2 1 1 . 2 . Refit 1 | . . . . . . . . . . . . . . . 1 . . . . . . . . . . . . . . . Recycling Unit Hacks 3 | . . . . . . . . . . . 1 2 . . . . . . . . . . . . . . . . . . Retrieve Matter 1 | . . . . . . . . . . . 1 . . . . . . . . . . . . . . . . . . . Retrieve Components 2 | . . . . . . . . . . . . 2 . . . . . . . . . . . . . . . . . . Scanalyzer 25 | . . . . . 2 . . . . . 8 . . . 4 . . . . . . . . . 6 1 . . 4 . Insert Component 15 | . . . . . 1 . . . . . 4 . . . 2 . . . . . . . . . 3 1 . . 4 . Analyze 10 | . . . . . 1 . . . . . 4 . . . 2 . . . . . . . . . 3 . . . . . Garrison Access Hacks 7 | . . . . . . 1 . . . . 2 . . . 1 . . . . 2 . . . . . . . 1 . . Seal Access 7 | . . . . . . 1 . . . . 2 . . . 1 . . . . 2 . . . . . . . 1 . . Unauthorized Hacks 59 | . . . . . 3 13 . . . . 10 6 1 . 5 . . . . 4 . . . . 3 6 . . 6 2 Terminals 34 | . . . . . 3 7 . . . . 5 6 . . . . . . . 1 . . . . 3 5 . . 3 1 Track 6 | . . . . . . . . . . . 1 1 . . . . . . . . . . . . . 1 . . 2 1 Assimilate 4 | . . . . . 1 . . . . . . 1 . . . . . . . 1 . . . . 1 . . . . . Botnet 21 | . . . . . 2 6 . . . . 3 4 . . . . . . . . . . . . 2 3 . . 1 . Operators 3 | . . . . . . 1 . . . . 1 . . . . . . . . . . . . . . 1 . . . . Fabricators 14 | . . . . . . 3 . . . . 1 . . . 4 . . . . 3 . . . . . . . . 3 . Report 4 | . . . . . . 1 . . . . . . . . 1 . . . . 1 . . . . . . . . 1 . Prioritize 6 | . . . . . . 1 . . . . 1 . . . 2 . . . . 1 . . . . . . . . 1 . Siphon 4 | . . . . . . 1 . . . . . . . . 1 . . . . 1 . . . . . . . . 1 . Repair Stations . | . . . . . . . . . . . . . . . . . . . . . . . . . . . . . . . Recycling Units 1 | . . . . . . . . . . . 1 . . . . . . . . . . . . . . . . . . . Tunnel 1 | . . . . . . . . . . . 1 . . . . . . . . . . . . . . . . . . . Scanalyzers 4 | . . . . . . 2 . . . . 2 . . . . . . . . . . . . . . . . . . . Extract 4 | . . . . . . 2 . . . . 2 . . . . . . . . . . . . . . . . . . . Garrison Access 6 | . . . . . . 1 . . . . 1 . 1 . 1 . . . . . . . . . . 1 . . . 1 Intercept 1 | . . . . . . . . . . . 1 . . . . . . . . . . . . . . . . . . . Jam 5 | . . . . . . 1 . . . . . . 1 . 1 . . . . . . . . . . 1 . . . 1 Data Cores Recovered . | . . . . . . . . . . . . . . . . . . . . . . . . . . . . . . . Used . | . . . . . . . . . . . . . . . . . . . . . . . . . . . . . . . Hacking Detections 86 | . 1 . . . 3 11 . . . . 11 10 2 . 9 . . . . 8 . . . . 4 12 1 2 8 4 Full Trace Events 6 | . . . . . . . . . . . . . . . 2 . . . . 1 . . . . 1 1 . . . 1 Feedback Events 2 | . . . . . . . . . . . . . . . 1 . . . . 1 . . . . . . . . . . Corruption 2 | . . . . . . . . . . . . . . . 1 . . . . 1 . . . . . . . . . . Feedback Blocked . | . . . . . . . . . . . . . . . . . . . . . . . . . . . . . . . Robot Schematics Acquired 7 | . . . . . . . . . 7 . . . . . . . . . . . . . . . . . . . . . Robots Built . | . . . . . . . . . . . . . . . . . . . . . . . . . . . . . . . Matter 252 | . . . . . . . . . . . . . 252 . . . . . . . . . . . . . . . . . Time 134 | . . . . . . . . . . . . . 134 . . . . . . . . . . . . . . . . . Total Robot Build Rating . | . . . . . . . . . . . . . . . . . . . . . . . . . . . . . . . Part Schematics Acquired 44 | . . . . . 2 8 . . 6 . 13 3 . . 2 . . . . . . . 4 . 2 4 . . . . Parts Built 20 | . . . . . . 4 . . . . 3 . . . 5 . . . . 4 . . . . . . . 1 3 . Matter 2847 | . . . . . . 381 . . . . 380 . . . 834 . . . . 294 . . . . . . . 351 607 . Time 907 | . . . . . . 151 . . . . 94 . . . 348 . . . . 126 . . . . . . . 62 126 . Total Part Build Rating 98 | . . . . . . 14 . . . . 17 . . . 21 . . . . 16 . . . . . . . 7 23 . Parts Repaired 15 | . . . . . . 1 . . . . 2 2 . . 2 . . . . 2 . . . . 2 1 1 . 2 . Time 707 | . . . . . . 22 . . . . 44 124 . . 120 . . . . 130 . . . . 47 14 108 . 98 . Parts Recycled . | . . . . . . . . . . . . . . . . . . . . . . . . . . . . . . . Recycled Matter . | . . . . . . . . . . . . . . . . . . . . . . . . . . . . . . . Retrieved Matter . | . . . . . . . . . . . . . . . . . . . . . . . . . . . . . . . Retrieved Components 10 | . . . . . . . . . . . . 10 . . . . . . . . . . . . . . . . . . Parts Scanalyzed 8 | . . . . . 1 . . . . . 3 . . . 2 . . . . . . . . . 2 . . . . . Part Schematics Acquired 8 | . . . . . 1 . . . . . 3 . . . 2 . . . . . . . . . 2 . . . . . Parts Damaged 2 | . . . . . . . . . . . 1 . . . 1 . . . . . . . . . . . . . . . Bothacking | -11 -10 -10 -10 -9 -8 -7 -7 -7 -7 -6 -6 -6 -5 -5 -5 -5 -5 -5 -4 -4 -4 -4 -4 -3 -3 -3 -3 -2 -2 -1 ------------ Run | Scr Mat Min Exi Min Mat Fac Low Low Dat Pro Fac Ext Fac Was Fac Upp Upp War Pro Fac Upp Upp Zhi Pro Res Qua Sec Res Tes Acc Used RIF Installer . | . . . . . . . . . . . . . . . . . . . . . . . . . . . . . . . Robots Hacked . | . . . . . . . . . . . . . . . . . . . . . . . . . . . . . . . Non-combat . | . . . . . . . . . . . . . . . . . . . . . . . . . . . . . . . Combat . | . . . . . . . . . . . . . . . . . . . . . . . . . . . . . . . Robot Hacks Applied . | . . . . . . . . . . . . . . . . . . . . . . . . . . . . . . . Relay Couplers Released 3 | . . . . . . . . . . . . . . . 3 . . . . . . . . . . . . . . . Programmers 3 | . . . . . . . . . . . . . . . 3 . . . . . . . . . . . . . . . Robots Rewired 6 | . . . . . . . . . . . 2 4 . . . . . . . . . . . . . . . . . . Allies Hacked 1 | . . . . . . . . . . . 1 . . . . . . . . . . . . . . . . . . . Hacks Repelled . | . . . . . . . . . . . . . . . . . . . . . . . . . . . . . . . Allies | -11 -10 -10 -10 -9 -8 -7 -7 -7 -7 -6 -6 -6 -5 -5 -5 -5 -5 -5 -4 -4 -4 -4 -4 -3 -3 -3 -3 -2 -2 -1 -------- Run | Scr Mat Min Exi Min Mat Fac Low Low Dat Pro Fac Ext Fac Was Fac Upp Upp War Pro Fac Upp Upp Zhi Pro Res Qua Sec Res Tes Acc Total Allies 37 | . . 1 . . 1 . . . . 1 3 9 . 18 . . 2 . . 1 . . . . 1 . . . . . Largest Group 18 | . . 1 1 . 1 . . . . 1 2 7 1 18 12 . 2 . . 1 . . . . 1 . . . . . Highest-Rated Group 650 | . . 31 31 . 9 . . . . 94 99 193 156 650 500 . 40 . . 10 . . . . 44 . . . . . Highest-Rated Ally 156 | . . 31 31 . 9 . . . . 94 99 156 156 50 50 . 20 . . 10 . . . . 44 . . . . . Total Orders 77 | . . . . . 5 3 . . . . 3 . 2 . 6 . . 9 2 13 . . . . 10 10 7 4 3 . STAY 6 | . . . . . . . . . . . . . . . . . . 1 . 5 . . . . . . . . . . GOTO 1 | . . . . . . . . . . . . . . . . . . . . 1 . . . . . . . . . . ROAM 10 | . . . . . . . . . . . . . . . . . . 3 . 3 . . . . 1 2 . 1 . . COLLECT 34 | . . . . . 4 3 . . . . 3 . 1 . 4 . . 4 1 1 . . . . 3 2 3 2 3 . EXPLORE 26 | . . . . . 1 . . . . . . . 1 . 2 . . 1 1 3 . . . . 6 6 4 1 . . Ally Attacks 307 | . . 5 . . 12 3 . . . 18 52 56 . 112 44 . 5 . . . . . . . . . . . . . Total Damage 12596 | . . 106 . . . . . . . 515 2790 1349 . 5072 2664 . 100 . . . . . . . . . . . . . Kills 63 | . . 1 . . . . . . . 5 22 9 . 10 16 . . . . . . . . . . . . . . . Allies Corrupted 2 | . . . . . . 1 . . . . 1 . . . . . . . . . . . . . . . . . . . Allies Melted . | . . . . . . . . . . . . . . . . . . . . . . . . . . . . . . . Intel | -11 -10 -10 -10 -9 -8 -7 -7 -7 -7 -6 -6 -6 -5 -5 -5 -5 -5 -5 -4 -4 -4 -4 -4 -3 -3 -3 -3 -2 -2 -1 ------- Run | Scr Mat Min Exi Min Mat Fac Low Low Dat Pro Fac Ext Fac Was Fac Upp Upp War Pro Fac Upp Upp Zhi Pro Res Qua Sec Res Tes Acc Robot Analysis Total 6 | . . . . . . . . . . . . . . . . . . . . . . . 4 . . 2 . . . . Derelict Logs Recovered 14 | . . 1 . 1 . . 1 . . 2 . . . . . 1 1 . 2 . 2 3 . . . . . . . . Drone Launches 63 | . . . . . 13 4 . . . . 3 . 1 . 4 . . 3 . 6 . . . . 8 8 8 2 3 . Drone Recoveries 38 | . . . . . 1 . . . . . 1 . 1 . 3 . . . . 5 . . . . 8 8 8 1 2 . Exploration | -11 -10 -10 -10 -9 -8 -7 -7 -7 -7 -6 -6 -6 -5 -5 -5 -5 -5 -5 -4 -4 -4 -4 -4 -3 -3 -3 -3 -2 -2 -1 ------------- Run | Scr Mat Min Exi Min Mat Fac Low Low Dat Pro Fac Ext Fac Was Fac Upp Upp War Pro Fac Upp Upp Zhi Pro Res Qua Sec Res Tes Acc Turns Passed 23202 | . 473 1195 485 295 348 2722 1045 673 118 877 4381 1278 724 187 1387 283 689 584 431 868 242 342 90 200 571 610 359 413 380 952 Spaces Moved 18346 | 1 197 628 266 172 169 1600 659 394 78 495 2261 691 499 182 1282 386 913 782 484 1017 521 642 139 427 578 537 298 573 356 1119 Core . | . . . . . . . . . . . . . . . . . . . . . . . . . . . . . . . Treads 1397 | . 133 628 266 94 . . . . . . 276 . . . . . . . . . . . . . . . . . . . Legs 65 | 1 64 . . . . . . . . . . . . . . . . . . . . . . . . . . . . . Wheels 6167 | . . . . 78 169 1600 659 394 78 495 1985 683 26 . . . . . . . . . . . . . . . . . Hover 10717 | . . . . . . . . . . . . 8 473 182 1282 386 913 782 484 1017 521 642 139 427 578 537 298 573 356 1119 Flight . | . . . . . . . . . . . . . . . . . . . . . . . . . . . . . . . Fastest Speed 40 | 120 120 180 180 110 150 120 130 140 150 130 120 130 58 58 58 65 65 55 50 40 40 40 40 40 40 42 46 45 45 46 Average Speed 93 | 120 169 180 180 148 154 128 133 143 150 149 143 130 100 82 63 65 66 62 71 41 40 40 40 40 54 50 50 47 56 58 Slowest Speed 290 | 120 240 180 180 180 170 180 150 150 150 150 220 210 290 118 210 65 128 65 115 45 40 40 40 40 100 115 107 50 260 146 Overloaded Moves . | . . . . . . . . . . . . . . . . . . . . . . . . . . . . . . . Propulsion Burnouts . | . . . . . . . . . . . . . . . . . . . . . . . . . . . . . . . Robots Hopped . | . . . . . . . . . . . . . . . . . . . . . . . . . . . . . . . Cave-ins Triggered 1 | . . . . . . . . . . . . 1 . . . . . . . . . . . . . . . . . . Teleports 1 | . . . . . . . . . . . . . . . . . . . . . . . . . . 1 . . . . Exploration Rate (%) 54 | 2 41 97 57 42 36 43 67 60 68 66 41 70 14 88 32 68 90 94 74 25 78 88 60 65 21 65 20 28 53 30 Regions Visited 30 Branch Regions 19 Pre-discovered Areas 13 | . . 1 1 1 . . . . . 1 1 . . . . . 1 . . . 2 2 3 . . . . . . . Known Exits Taken 19 | . . . . . . 1 1 . . . 1 1 . . 1 1 1 1 1 1 1 1 1 1 1 1 1 1 1 . Unknown Exits Taken 9 | 1 1 1 1 1 1 . . 1 1 1 . . . . . . . . . . . . . . . . . . . . Scrap Searched 24 | . . 2 . . . . 3 1 . 1 . . . . . 2 4 . 4 . 2 1 . 4 . . . . . . Spaces Dug 579 | . . . . 9 . 22 11 12 . 12 73 115 28 2 47 6 6 2 13 56 8 40 . 8 24 18 11 15 17 24 Terrain Destroyed 1363 | . . 13 . 16 . 110 11 12 . 42 183 234 47 2 47 30 20 2 13 56 8 94 . 8 24 18 80 15 81 197 Melee 446 | . . . . . . 22 11 12 . 12 73 11 28 2 47 6 6 2 13 56 8 20 . 8 24 18 11 15 17 24 Projectile 8 | . . . . . . 5 . . . . . . . . . . . . . . . . . . . . . . . 3 AOE 909 | . . 13 . 16 . 83 . . . 30 110 223 19 . . 24 14 . . . . 74 . . . . 69 . 64 170 Actions | -11 -10 -10 -10 -9 -8 -7 -7 -7 -7 -6 -6 -6 -5 -5 -5 -5 -5 -5 -4 -4 -4 -4 -4 -3 -3 -3 -3 -2 -2 -1 --------- Run | Scr Mat Min Exi Min Mat Fac Low Low Dat Pro Fac Ext Fac Was Fac Upp Upp War Pro Fac Upp Upp Zhi Pro Res Qua Sec Res Tes Acc Total 22306 | . 267 673 274 190 227 2014 764 452 79 574 3012 949 612 215 1726 401 964 875 523 1305 536 679 157 440 775 750 445 659 487 1282 Wait 1618 | . 18 21 . . 9 142 44 21 . 31 259 69 24 22 243 1 18 43 . 168 6 2 . 1 133 106 90 32 84 31 Move 18315 | . 196 627 265 171 168 1599 658 393 77 494 2260 689 499 181 1281 385 912 781 483 1016 520 641 138 426 577 536 297 572 355 1118 Hop . | . . . . . . . . . . . . . . . . . . . . . . . . . . . . . . . Pick Up 215 | . 7 3 5 1 9 22 6 1 . 2 61 11 2 8 28 . 2 7 1 6 . . 1 . 4 5 4 7 5 7 Fast Attach 146 | . 4 1 . . 6 12 2 . . . 23 5 6 1 17 2 1 11 5 9 . . 4 2 8 4 2 3 2 16 Attach 169 | . . 1 . . 5 10 5 2 1 4 44 8 15 . 19 1 1 5 2 4 . . 1 . 3 9 3 5 3 18 Detach 122 | . 3 1 . . 5 9 2 . . 2 31 4 9 . 17 1 1 5 1 4 . . 1 . 5 7 2 4 2 6 Swap 247 | . 1 3 2 4 1 41 9 7 1 6 45 17 7 . 5 . . 3 3 13 . 9 1 . 8 26 11 6 7 11 Drop 222 | . 3 5 2 . 8 28 3 . . . 48 13 1 1 39 1 3 16 6 13 . . 4 2 10 2 6 3 4 1 Fire 299 | . 35 11 . 14 16 84 12 12 . 18 8 15 5 . 1 2 19 1 . . . 3 . . . . 1 . 2 40 Melee 808 | . . . . . . 65 23 16 . 17 176 40 44 2 76 8 7 2 22 72 8 24 7 9 27 55 29 27 23 29 Ram 7 | . . . . . . 2 . . . . . . . . . . . . . . . . . . . . . . . 5 Kick . | . . . . . . . . . . . . . . . . . . . . . . . . . . . . . . . Crush . | . . . . . . . . . . . . . . . . . . . . . . . . . . . . . . . Escape Stasis 25 | . . . . . . . . . . . . 25 . . . . . . . . . . . . . . . . . . Rewire 110 | . . . . . . . . . . . 57 53 . . . . . . . . . . . . . . . . . . Trap 2 | . . . . . . . . . . . . . . . . . . . . . 2 . . . . . . . . . Miscellaneous 1 | . . . . . . . . . . . . . . . . . . 1 . . . . . . . . . . . . Route ------- -11/Scrapyard -10/Materials (discovered 2 exits: [*Mat] / *Min) -10/Mines (discovered 3 exits: [*Mat x2] / *Exi) -10/Exiles -9/Mines -8/Materials -7/Factory (discovered 3 exits: *Fac / *Low x2) -7/Lower Caves -7/Lower Caves (discovered 2 exits: *Fac / *Dat) -7/Data Miner -6/Proximity Caves -6/Factory (discovered 3 exits: *Fac / [*Low] / *Ext) -6/Extension (discovered 2 exits: *Fac / [*Cet]) -5/Factory -5/Waste -5/Factory (discovered 2 exits: *Fac / *Upp) -5/Upper Caves -5/Upper Caves (discovered 2 exits: *Fac / *War) -5/Warlord -4/Proximity Caves -4/Factory (discovered 3 exits: *Upp x2 / Arm) -4/Upper Caves -4/Upper Caves (discovered 2 exits: *Res / *Zhi) -4/Zhirov -3/Proximity Caves -3/Research (discovered 5 exits: *Res x3 / *Qua x2) -3/Quarantine (discovered 2 exits: *Res / *Sec) -3/Section 7 -2/Research (discovered 3 exits: *Acc / *Tes x2) -2/Testing -1/Access To Epsilon Eridani History --------- Turn | Location | Event 1 | -11/Scrapyard | Discovered new exit (range 0) 1 | -11/Scrapyard | Entered Materials 34 | -10/Materials | Discovered new exit (range 16) 318 | -10/Materials | Build established: Mutant 342 | -10/Materials | Discovered new exit (range 7) 474 | -10/Materials | Entered Mines 490 | -10/Mines | Met a Derelict bent on vengeance 587 | -10/Mines | Escorted by a lone wolf Derelict 690 | -10/Mines | Deemed a non-threat by the Exiles lab entrance 690 | -10/Mines | Discovered new exit (range 5) 867 | -10/Mines | Learned location of Storage (-9) 1160 | -10/Mines | Discovered new exit (range 8) 1181 | -10/Mines | Found the Drone Emporium 1198 | -10/Mines | Found Prototype Device 1399 | -10/Mines | Discovered new exit (range 6) 1500 | -10/Mines | Build established: Scavenger-Mutant 1669 | -10/Mines | Entered Exiles 1669 | -10/Exiles | Accompanied by 1 ally 1714 | -10/Exiles | Met 8R-AWN 1743 | -10/Exiles | Met EX-HEX 1835 | -10/Exiles | Met EX-DEC 1869 | -10/Exiles | Learned location of Zion (-6) 2129 | -10/Exiles | Discovered new exit (range 15) 2154 | -10/Exiles | Entered Mines 2218 | -9/Mines | Build established: Hauler-Mutant 2329 | -9/Mines | Assembled infested the area 2334 | -9/Mines | Assisted by a Guerilla fighting off Assembled 2423 | -9/Mines | Discovered new exit (range 8) 2423 | -9/Mines | Found a damaged Exp. Sensor Array with a note attached 2425 | -9/Mines | Found Prototype Device 2449 | -9/Mines | Entered Materials 2449 | -8/Materials | Evolved 4 slots: Utility x4 2449 | -8/Materials | Identified Bomb Drone Bay 2450 | -8/Materials | Identified Exp. Sensor Array 2725 | -8/Materials | Found Powered Armor 2730 | -8/Materials | Discovered new exit (range 11) 2732 | -8/Materials | Found Powered Armor 2735 | -8/Materials | Found Powered Armor 2738 | -8/Materials | Found Powered Armor 2797 | -8/Materials | Entered Factory 2797 | -7/Factory | Evolved 2 slots: Utility x2 2942 | -7/Factory | Identified exit to Lower Caves 3200 | -7/Factory | Garrison activated, responded to threat 3530 | -7/Factory | Fabricated Hacking Suite (x1) 3572 | -7/Factory | Fabricated Hacking Suite? 3626 | -7/Factory | Fabricated Arm. Huge Wheel (x2) 3737 | -7/Factory | Build established: Hacker-Mutant 3787 | -7/Factory | Local fabrication network quarantined 4546 | -7/Factory | Discovered new exit (range 14) 5082 | -7/Factory | Repaired Rnf. Deuterium Engine 5422 | -7/Factory | Core integrity fell below 50% 5519 | -7/Factory | Entered Lower Caves 6181 | -7/Lower Caves | Found Prototype Device 6181 | -7/Lower Caves | Identified Heart of Steel 6365 | -7/Lower Caves | Identified exit to Lower Caves 6468 | -7/Lower Caves | Build established: Hauler-Mutant 6564 | -7/Lower Caves | Entered another Lower Caves area 6620 | -7/Lower Caves | Encountered a Warlord checkpoint 6623 | -7/Lower Caves | Discovered new exit (range 8) 7035 | -7/Lower Caves | Lost 3 parts (2u1w) 7096 | -7/Lower Caves | Discovered new exit (range 6) 7237 | -7/Lower Caves | Entered Data Miner 7237 | -7/Data Miner | Discovered new exit (range 6) 7266 | -7/Data Miner | Met Data Miner 7321 | -7/Data Miner | Received God Mode back door access code from Data Miner 7355 | -7/Data Miner | Entered Proximity Caves 7401 | -6/Proximity Caves | Lost 3 parts (1n1u1w) 7402 | -6/Proximity Caves | Escorted by Enhanced Grunt 8176 | -6/Proximity Caves | Attracted the attention of an 0b10 base 8199 | -6/Proximity Caves | Destroyed 11 combat bots 8215 | -6/Proximity Caves | Discovered new exit (range 15) 8232 | -6/Proximity Caves | Entered Factory 8232 | -6/Factory | Evolved 2 slots: Weapon x2 8233 | -6/Factory | Identified exit to Extension 8255 | -6/Factory | Lost 5 parts (4u1w) 8413 | -6/Factory | Discovered new exit (range 5) 9258 | -6/Factory | Lost 6 parts (2p1n2u1w) 9950 | -6/Factory | Fabricated Hacking Suite (x1) 10093 | -6/Factory | Repaired Hvy. Rocket Launcher 10361 | -6/Factory | Build established: Hacker-Mutant 10395 | -6/Factory | Discovered new exit (range 16) 10850 | -6/Factory | Repaired Greatsword? 11167 | -6/Factory | Build established: Hauler-Mutant 11279 | -6/Factory | Incoming investigation squad redirected 11735 | -6/Factory | Fabricated Antimatter Reactor? 11738 | -6/Factory | System corruption reached 10% 11969 | -6/Factory | Heart of Steel transformed into Warbot 12082 | -6/Factory | First assault squad dispatched 12156 | -6/Factory | Core integrity fell below 50% 12458 | -6/Factory | Incoming assault squad redirected 12613 | -6/Factory | Entered Extension 12613 | -6/Extension | Accompanied by 1 ally 12963 | -6/Extension | First assault squad dispatched 12988 | -6/Extension | Rescued a captive Derelict 12989 | -6/Extension | Rescued a captive Derelict 13042 | -6/Extension | Rescued a captive Derelict 13263 | -6/Extension | Disrupted transfer network 13351 | -6/Extension | Crushed by falling debris 13565 | -6/Extension | Found Hvy. Insulated Plating 13568 | -6/Extension | Found Hvy. Insulated Plating 13587 | -6/Extension | Build established: Hauler-Gladiator 13640 | -6/Extension | Repaired Arm. Huge Wheel 13659 | -6/Extension | Core integrity fell below 20% 13721 | -6/Extension | Repaired Exp. Sensor Array 13759 | -6/Extension | Rescued A7 13879 | -6/Extension | Discovered new exit (range 10) 13880 | -6/Extension | Discovered new exit (range 6) 13889 | -6/Extension | Identified exit to Factory 13891 | -6/Extension | Entered Factory 13891 | -5/Factory | Accompanied by 1 ally 13891 | -5/Factory | Evolved 2 slots: Propulsion x2 13938 | -5/Factory | Build established: Hauler-Mutant 14505 | -5/Factory | Lost 12 parts (2n6u4w) 14615 | -5/Factory | Sucked down chute 14615 | -5/Factory | Entered Waste 14640 | -5/Waste | Spotted C-40 Crusher 14640 | -5/Waste | Spotted C-40 Crusher 14647 | -5/Waste | Spotted C-40 Crusher 14647 | -5/Waste | Spotted C-40 Crusher 14657 | -5/Waste | Warlord forces began an assault 14660 | -5/Waste | Found Broken Enh. Force Lance 14702 | -5/Waste | Spotted C-40 Crusher 14706 | -5/Waste | Allies destroyed C-40 Crusher 14736 | -5/Waste | Spotted C-40 Crusher 14747 | -5/Waste | Allies destroyed C-40 Crusher 14768 | -5/Waste | Discovered new exit (range 12) 14781 | -5/Waste | Identified exit to Factory 14802 | -5/Waste | Entered Factory 14802 | -5/Factory | Accompanied by 12 allies 14849 | -5/Factory | Found Imp. Powered Armor 14905 | -5/Factory | Repaired Lrn. Missile Launcher 14959 | -5/Factory | Repaired Broken Enh. Force Lance 15102 | -5/Factory | First assault squad dispatched 15217 | -5/Factory | Lost 3 parts (1p2u) 15339 | -5/Factory | Incoming investigation squad redirected 15356 | -5/Factory | Incoming investigation squad redirected 15390 | -5/Factory | Incoming investigation squad redirected 15482 | -5/Factory | Discovered new exit (range 4) 15491 | -5/Factory | Identified exit to Factory 15667 | -5/Factory | Fabricated Adv. Weight Redist. System? 15720 | -5/Factory | Incoming assault squad redirected 15761 | -5/Factory | Incoming investigation squad redirected 15792 | -5/Factory | Fabricated Imp. System Shield (x1) 15836 | -5/Factory | Discovered new exit (range 3) 15837 | -5/Factory | Identified exit to Upper Caves 15894 | -5/Factory | Fabricated Lgt. Regenerative Plating (x1) 15971 | -5/Factory | Fabricated Lgt. Regenerative Plating? 16094 | -5/Factory | Build established: Hacker-Mutant 16189 | -5/Factory | Entered Upper Caves 16191 | -5/Upper Caves | Attracted the attention of an 0b10 outpost 16214 | -5/Upper Caves | Learned 4 Factory zone layouts 16324 | -5/Upper Caves | Core integrity fell below 50% 16361 | -5/Upper Caves | Discovered new exit (range 12) 16368 | -5/Upper Caves | Identified exit to Upper Caves 16401 | -5/Upper Caves | Found Alien Artifact 16401 | -5/Upper Caves | Identified Core Expander 16401 | -5/Upper Caves | Installed Core Expander, added new Weapon slot 16472 | -5/Upper Caves | Entered another Upper Caves area 16472 | -5/Upper Caves | Discovered exit to Factory (range 8) 16553 | -5/Upper Caves | Attracted the attention of an 0b10 checkpoint 16634 | -5/Upper Caves | A Commander dispatched an escort 16635 | -5/Upper Caves | Learned Research trap positions 16635 | -5/Upper Caves | Learned Armory stockpile data 16635 | -5/Upper Caves | Learned Research terminal intel 16635 | -5/Upper Caves | Learned Armory terminal intel 16635 | -5/Upper Caves | Learned Armory garrison access intel 17018 | -5/Upper Caves | Discovered new exit (range 3) 17161 | -5/Upper Caves | Identified exit to Warlord 17161 | -5/Upper Caves | Entered Warlord 17193 | -5/Warlord | System corruption reached 10% 17193 | -5/Warlord | Discovered new exit (range 9) 17227 | -5/Warlord | System corruption cleaned by Quarantine Array 17260 | -5/Warlord | Learned Factory garrison access intel 17260 | -5/Warlord | Learned Armory scanalyzer intel 17260 | -5/Warlord | Learned 4 Access zone layouts 17260 | -5/Warlord | Learned 4 Quarantine zone layouts 17261 | -5/Warlord | Learned Armory trap positions 17261 | -5/Warlord | Learned Research emergency access door positions 17428 | -5/Warlord | Visited the Vortex Lab 17429 | -5/Warlord | Warlord's base attacked by MAIN.C 17434 | -5/Warlord | Found Prototype Launcher 17434 | -5/Warlord | Identified Vortex Catalyst Activator 17438 | -5/Warlord | Found Prototype Energy Gun 17556 | -5/Warlord | Met Warlord 17563 | -5/Warlord | Identified Vortex Rifle 17576 | -5/Warlord | Found Prototype Device 17576 | -5/Warlord | Identified Exp. Phase Shifter 17580 | -5/Warlord | Found Prototype Device 17580 | -5/Warlord | Identified Exp. Focal Shield 17584 | -5/Warlord | Found Prototype Processor 17586 | -5/Warlord | Found Prototype Hackware 17598 | -5/Warlord | Found Prototype Reactor 17717 | -5/Warlord | Opened side exit 17737 | -5/Warlord | Identified exit to Proximity Caves 17745 | -5/Warlord | Entered Proximity Caves 17745 | -4/Proximity Caves | Accompanied by 3 allies 17790 | -4/Proximity Caves | Learned Research stockpile data 17830 | -4/Proximity Caves | Learned location of 1 exit from Upper Caves 17870 | -4/Proximity Caves | Spotted B-86 Titan 18120 | -4/Proximity Caves | Discovered exit to Factory (range 10) 18176 | -4/Proximity Caves | Entered Factory 18176 | -4/Factory | Evolved 2 slots: Power x1, Propulsion x1 18177 | -4/Factory | Identified exit to Armory 18178 | -4/Factory | Loaded intel: 4 garrison access locations 18243 | -4/Factory | Repaired Hvy. Pick 18272 | -4/Factory | Incoming investigation squad redirected 18346 | -4/Factory | Identified exit to Upper Caves 18639 | -4/Factory | Fabricated Greatsword (x2) 18690 | -4/Factory | Repaired Exp. Sensor Array 18924 | -4/Factory | Fabricated Greatsword? 18926 | -4/Factory | Build established: Hacker-Gladiator 19044 | -4/Factory | Entered Upper Caves 19045 | -4/Upper Caves | Identified exit to Upper Caves 19063 | -4/Upper Caves | Learned location of Testing (-2) 19286 | -4/Upper Caves | Entered another Upper Caves area 19304 | -4/Upper Caves | Learned Research non-interactive machine intel 19318 | -4/Upper Caves | Discovered new exit (range 8) 19321 | -4/Upper Caves | Identified exit to Research 19465 | -4/Upper Caves | Learned location of Armory (-4) 19536 | -4/Upper Caves | Encountered a Warlord checkpoint 19622 | -4/Upper Caves | Discovered new exit (range 15) 19625 | -4/Upper Caves | Spotted B-86 Titan 19628 | -4/Upper Caves | Identified exit to Zhirov 19628 | -4/Upper Caves | Entered Zhirov 19628 | -4/Zhirov | Discovered new exit (range 3) 19636 | -4/Zhirov | Met Zhirov 19643 | -4/Zhirov | Learned location of Quarantine (-3) 19643 | -4/Zhirov | Learned location of Command (-1) 19647 | -4/Zhirov | Zhirov requested help retrieving the SGEMP Prototype 19653 | -4/Zhirov | Found Alien Artifact 19653 | -4/Zhirov | Identified Integrated Reactor 19653 | -4/Zhirov | Installed Integrated Reactor, increased core energy generation (+10) 19702 | -4/Zhirov | Found Alien Artifact 19717 | -4/Zhirov | Identified exit to Proximity Caves 19718 | -4/Zhirov | Entered Proximity Caves 19777 | -3/Proximity Caves | Acquired the password to a Derelict Tinkerer's latest research 19914 | -3/Proximity Caves | Discovered exit to Research (range 7) 19918 | -3/Proximity Caves | Entered Research 19918 | -3/Research | Evolved 2 slots: Utility x2 19919 | -3/Research | Loaded intel: 90 trap records 19920 | -3/Research | Identified Ghost Barrier 19922 | -3/Research | Loaded intel: 82 non-interactive machine locations 19923 | -3/Research | Loaded intel: 18 terminal locations 19953 | -3/Research | Discovered new exit (range 30) 20035 | -3/Research | Identified Vortex Chain Reactor 20052 | -3/Research | Identified exit to Research 20102 | -3/Research | Repaired Greatsword 20130 | -3/Research | Identified Spectral Analyzer 20334 | -3/Research | Found Fusion Bomb Launcher 20338 | -3/Research | Identified exit to Quarantine 20422 | -3/Research | Repaired Gravmag Array 20489 | -3/Research | Entered Quarantine 20490 | -3/Quarantine | Identified exit to Section 7 20523 | -3/Quarantine | Incoming investigation squad redirected 20578 | -3/Quarantine | Found Alien Artifact 20589 | -3/Quarantine | Identified Phase Redirector 20610 | -3/Quarantine | Found Alien Impact Weapon 20610 | -3/Quarantine | Identified Core Stripper 20694 | -3/Quarantine | Destroyed 9 combat bots 20720 | -3/Quarantine | Met incapacitated Sigix Warrior 20720 | -3/Quarantine | Lockdown squad dispatched 20722 | -3/Quarantine | Acquired the access code to the Sigix quarantine chamber 20723 | -3/Quarantine | Unlocked Sigix quarantine chamber 20765 | -3/Quarantine | Spotted Lightning 20765 | -3/Quarantine | Spotted Lightning 20765 | -3/Quarantine | Spotted Lightning 20774 | -3/Quarantine | Identified Transdimensional Reconstructor 20774 | -3/Quarantine | Warped through subspace 20804 | -3/Quarantine | Lost 3 parts (2n1w) 20808 | -3/Quarantine | Repaired Greatsword 20938 | -3/Quarantine | Spotted Alpha 7 20982 | -3/Quarantine | Spotted Fortress 21056 | -3/Quarantine | Build established: Hacker-Mutant 21099 | -3/Quarantine | Entered Section 7 21153 | -3/Section 7 | Found Alien Artifact 21270 | -3/Section 7 | Repaired Cld. Antigrav System 21447 | -3/Section 7 | Discovered exit to Research (range 11) 21447 | -3/Section 7 | Spotted S7 Guard 21458 | -3/Section 7 | Entered Research 21458 | -2/Research | Warlord forces began assault on 0b10 21458 | -2/Research | Evolved 2 slots: Utility x2 21483 | -2/Research | Identified exit to Testing 21490 | -2/Research | Discovered new exit (range 49) 21520 | -2/Research | Borebot progress halted 21535 | -2/Research | Fabricated Centrium Greatsword (x1) 21537 | -2/Research | Borebot progress halted 21568 | -2/Research | Research machine network offline 21653 | -2/Research | Met up with Warlord 21742 | -2/Research | Borebot progress halted 21743 | -2/Research | Borebot progress halted 21779 | -2/Research | Borebot progress halted 21845 | -2/Research | Found Prototype Processor 21866 | -2/Research | Build established: Hacker-Gladiator 21871 | -2/Research | Entered Testing 21871 | -2/Testing | Spotted Alpha 7 21889 | -2/Testing | Identified Exp. Melee Analysis Suite 21889 | -2/Testing | Identified Integrity Redistributor 21954 | -2/Testing | Fabricated Centrium Greatsword? 21955 | -2/Testing | Identified exit to Access 21965 | -2/Testing | Fabricated Cmb. Antigrav System? 22033 | -2/Testing | Lost 3 parts (1p1n1w) 22058 | -2/Testing | Used Integrity Redistributor, redistributed integrity from core (-137) 22098 | -2/Testing | Destroyed 9 combat bots 22192 | -2/Testing | Repaired Centrium Greatsword 22245 | -2/Testing | Repaired Centrium Greatsword 22251 | -2/Testing | Entered Access 22251 | -1/Access | Evolved 2 slots: Propulsion x1, Utility x1 22309 | -1/Access | Incoming investigation squad redirected 22688 | -1/Access | Spotted B-99 Colossus 22689 | -1/Access | Identified exit to Surface 22782 | -1/Access | Lost 6 parts (1p1n2u2w) 22868 | -1/Access | Destroyed 10 combat bots 22883 | -1/Access | Lost 5 parts (1p2n2u) 22931 | -1/Access | Incoming investigation squad redirected 22984 | -1/Access | System corruption reached 10% 23057 | -1/Access | Lost 3 parts (3u) 23120 | -1/Access | Garrison activated, responded to threat 23203 | *** | Escaped! Last Messages --------------- 23192_ Overheating: System interference. 23192_ Enh. Nova Cannon temporarily disabled. 23192_ System corrupted: Matter fused (-6). 23193_ Power failure, Lgt. Particle Reactor shutdown. 23193_ Imp. Antigrav System permanently disabled. 23193_ Overheating: Short circuit. 23193_ Acquired Prototype Device. 23193_ Identified Inertial Stasis Machine. 23196_ Destroyed Hvy. Laser. 23197_ Power failure, Lgt. Quantum Reactor shutdown. 23198_ System corrupted: Gamma Rifle targeting data glitched. 23199_ Overheating: Broken Adv. Heat Sink damaged (-11). 23199_ Overheating: Lgt. Quantum Reactor damaged (-1). 23199_ Overheating: Lgt. Regenerative Plating damaged (-41). 23201_ Adv. Sensor Array destroyed. 23201_ Lgt. Quantum Reactor destroyed. 23202_ Overheating: System interference. 23202_ Adv. Signal Interpreter temporarily disabled. 23202_ Gamma Rifle temporarily disabled. 23203_ Power failure, Lgt. Particle Reactor shutdown. Map ----- +----------------------------------------------------+ | ??????+ #???????????????????????????????????? | | ?????? [ ???????????????????????????????????? | | """ ?????? %* ?#######??????????????????????????? | | "Y" ??????#=! #??????????????????????????? | | " " ?????? % ? ???????????????????????????? | | ?????? "" ???????????????????????????? | | ?????? %# """ #??????????????????????????? | | ?????? ! "T #??????????????????????????? | | ?????? """ #??????????????????????????? | | ??????# # "" ???????????????????????????? | | ??????# #? ???????????????????????????? | | ??????????# #? #??????????????????????????? | | ??????????# #??#######??????????????????????????? | | ?????????## #???????????????????????????????????? | | ??????????" #???????????????????????????????????? | | ??????????# #???????????????????????????????????? | | ??????????# "???????????????????????????????????? | | ??????????# #???????????????????????????????????? | | ??????????# #?????###???????????????????????????? | | ??????????# ####### ##########??????????????????? | | ??????????# "" """ | "??????????????????? | | ??????????# " " |* ! "??????????????????? | | ??????????# g " """ "??????????????????? | | ??????????# " !!!" "??????????????????? | | ??????????# " !!!" "??????????????????? | | ??????????# @!!" "??????????????????? | | ?????????## "!! " "??????????????????? | | ?????????#; ""!"" "??????????????????? | | ?????????## *!! "??????????????????? | | ??????????# "??????????????????? | | ??????????# ####### ##########??????????????????? | | ??????????# #?????###???????????????????????????? | | ?########?# #???????????????????????????????????? | | #? " # #??????????????????##########???????? | | # """ # #????###########???# #???????? | | ? """ + #????# #???# #???????? | | # " # *#????# #???# #???????? | | # #= #????# #???# #???????? | | # # =#????# #???# #???????? | | # # #????# ! #???# #???????? | | # # #????# #???# #???????? | | ########### #????# #???? #???????? | | ??????????# #????# #?????? #?????### | | ??????????# ##########+#############+########## | | ??????????# " | | ??????????# " | | ??????????###################################### | | ???????????????????????????????????????????######+ | | ???????????????????????????????????????????# | | ???????????????????????????????????????????# | +----------------------------------------------------+ Best States ------------- Heat Dissipation 71 Energy Generation 65 Energy Capacity 1140 Matter Stores 380 Matter Capacity 400 Sight Range 16 Robot Scan Range 30 Terrain Scan Density 10 Additional Mass Support 9 Base Temperature (-) 150 Armor Coverage 1350 Resistance: KI 30 Resistance: TH 15 Resistance: EM 30 Core Shielding 30 Propulsion Shielding 66 Utility Shielding 66 Melee Speed Boost 20 Phase Shifting 20 Evasion (%) 75 Targeting Accuracy 6 Melee Accuracy 28 Target Analysis 8 Recoil Reduction 2 Offensive Hacking 42 Defensive Hacking 32 Item Schematics ----------------- Hcp. Storage Unit | -8/Materials | Scanalyzed Hacking Suite | -8/Materials | Hacked Arm. Huge Wheel | -7/Factory | Hacked Greatsword | -7/Factory | Hacked Adv. Weight Redist. System | -7/Factory | Extracted Spear | -7/Factory | Extracted Component Analysis Suite | -7/Factory | Extracted Target Analyzer | -7/Factory | Extracted Imp. Field Recycling Unit | -7/Factory | Extracted Powered Armor | -7/Factory | Extracted Combat Drone Bay | -7/Data Miner | Free Lgt. Regenerative Plating | -7/Data Miner | Free Exp. Sensor Array | -7/Data Miner | Free Exp. Targeting Computer | -7/Data Miner | Free Exp. Flexi-carbon Leg | -7/Data Miner | Free Cloaking Device | -7/Data Miner | Free Adv. Melee Analysis Suite | -6/Factory | Hacked Hvy. Pick | -6/Factory | Scanalyzed Imp. Signal Interpreter | -6/Factory | Scanalyzed Imp. Cooling System | -6/Factory | Extracted Imp. Proton Missile Launcher | -6/Factory | Extracted Plasma Cutter | -6/Factory | Extracted Core Analyzer | -6/Factory | Extracted Thermal Converter | -6/Factory | Extracted Gravmag Array | -6/Factory | Scanalyzed Imp. Terrain Scan Processor | -6/Factory | Extracted Weapon Cycler | -6/Factory | Extracted Med. Matter Pod | -6/Factory | Extracted Launcher Guidance Computer | -6/Factory | Extracted Imp. System Shield | -6/Extension | Hacked Force Booster | -6/Extension | Hacked Microactuators | -6/Extension | Hacked Antimatter Reactor | -5/Factory | Scanalyzed Enh. Force Lance | -5/Factory | Scanalyzed Assault Drone Bay | -4/Zhirov | Free Exp. Heat Sink | -4/Zhirov | Free Imp. Arc Thrower | -4/Zhirov | Free Exp. Optical Array | -4/Zhirov | Free Mic. Fission Core | -3/Research | Scanalyzed Adv. Hacking Suite | -3/Research | Scanalyzed Cmb. Antigrav System | -3/Quarantine | Hacked Adv. Actuator Array | -3/Quarantine | Hacked Imp. Force Booster | -3/Quarantine | Hacked Centrium Greatsword | -3/Quarantine | Hacked Robot Schematics ------------------ S-27 Virus | -7/Data Miner | Free G-50 Soldier | -7/Data Miner | Free G-67 Veteran | -7/Data Miner | Free L-41 Fighter | -7/Data Miner | Free H-66 Slayer | -7/Data Miner | Free P-70 Sage | -7/Data Miner | Free I-36 Angel | -7/Data Miner | Free Fabricated ------------ Hacking Suite | x1 | -7/Factory Hacking Suite | x1 | -7/Factory Arm. Huge Wheel | x2 | -7/Factory Hacking Suite | x1 | -6/Factory Antimatter Reactor | x2 | -6/Factory | Preloaded Adv. Weight Redist. System | x2 | -5/Factory Imp. System Shield | x1 | -5/Factory Lgt. Regenerative Plating | x1 | -5/Factory Lgt. Regenerative Plating | x1 | -5/Factory Greatsword | x2 | -4/Factory Greatsword | x2 | -4/Factory Centrium Greatsword | x1 | -2/Research Centrium Greatsword | x1 | -2/Testing Cmb. Antigrav System | x2 | -2/Testing Alien Tech Used ----------------- Core Expander Integrated Reactor Core Stripper Phase Redirector Transdimensional Reconstructor Integrity Redistributor Achievements -------------- None Challenges ------------ None Game ------ Seed CatalystInertialMembrane Manual? 0 Play Time 08:06:19 Cumulative 266.7 hours Start 2020.06.19 @ 11:20:34 End 2020.06.19 @ 22:50:39 Sessions 9 Manual Loads 0 Difficulty Rogue Special Mode None Game No. 125 Rogue 124 Adventurer 0 Explorer 1 Win Type 0 Total 14 Types 10/0/4/0/0/0/0 Lore% 79 Gallery% 84 Achievement% 68 Wizard Run 0 Options --------- ASCII 0 Keyboard 1 Movement Numpad Keybinds 1 Fullscreen 2 Font 18/Terminus Map View 76x50 Tactical HUD 1 Map Filters NONE Filters NONE Steam 1 RUN: c86ac14c-0bae-43c2-ade0-3672b99471cd